 Dungeon Crawl Stone Soup version 0.22-a0-565-gfc6459a524 (webtiles) character file.

83 Faustar the Chopper (level 4, 0/42 HPs)
             Began as a Hill Orc Monk on June 29, 2018.
             Slain by a gnoll
             ... wielding a +0 whip
              (7 damage)
             ... on level 2 of the Dungeon.
             The game lasted 00:02:56 (2313 turns).

Faustar the Chopper (Hill Orc Monk)                 Turns: 2313, Time: 00:02:57

Health: 0/42       AC:  6    Str: 14    XL:     4   Next: 44%
Magic:  4/4        EV: 10    Int: 10    God:
Gold:   45         SH:  0    Dex: 13    Spells: 3/3 levels left

rFire    . . .     SeeInvis .   a - +0 hand axe
rCold    . . .     Gourm    .   (no shield)
rNeg     . . .     Faith    .   f - +0 scale mail
rPois    .         Spirit   .   (no helmet)
rElec    .         Reflect  .   (no cloak)
rCorr    .         Harm     .   (no gloves)
MR       .....                  (no boots)
Stlth    ..........             (no amulet)
HPRegen  0.14/turn              (no ring)
MPRegen  0.09/turn              (no ring)

@: no status effects
A: no striking features
a: no special abilities


You were on level 2 of the Dungeon.
You were not hungry.

You visited 1 branch of the dungeon, and saw 3 of its levels.

You collected 45 gold pieces.

Inventory:

Hand Weapons
 a - a +0 hand axe (weapon)
Armour
 b - a +0 robe
 f - a +0 scale mail (worn)
 m - a +0 chain mail
Jewellery
 i - an uncursed amulet of the acrobat {unknown}
Wands
 p - a wand of acid (10)
Scrolls
 g - a scroll of fear {unknown}
 h - 2 scrolls of identify {unknown}
 j - a scroll of random uselessness {unknown}
 l - a scroll of enchant armour {unknown}
Potions
 d - a potion of ambrosia
 e - a potion of flight {unknown}
 k - 2 potions of lignification {unknown}
 n - 2 potions of invisibility {unknown}
 o - a potion of heal wounds {unknown}
Comestibles
 c - 3 rations
 q - 2 chunks of flesh


   Skills:
 + Level 5.0 Fighting
 + Level 5.5 Axes
 - Level 2.4 Dodging
 - Level 1.5 Stealth


You had 3 spell levels left.
You didn't know any spells.
Your spell library was empty.

Dungeon Overview and Level Annotations

Branches:
Dungeon (3/15)

Altars:
Elyvilon


Message History

The dart slug launches a dart at you. The slug dart misses you.
You climb upwards.
There is a stone staircase leading down here.
You completely miss the gnoll. The gnoll hits you with a whip.
You barely miss the gnoll. The gnoll hits you with a whip.
You are too injured to fight recklessly!
You barely miss the gnoll. The gnoll hits you with a whip!
* * * LOW HITPOINT WARNING * * *
You hit the gnoll.
The gnoll is moderately wounded.
The gnoll barely misses you.
You closely miss the gnoll.
The gnoll is moderately wounded.
The gnoll hits you with a whip.
* * * LOW HITPOINT WARNING * * *
You hit the gnoll but do no damage.
The gnoll is moderately wounded.
The gnoll hits you with a whip!
You die...

#....# #....# #....# ########
#....# (..<...####### #....#
>.####.......#### ###....#
#.....######....###....###
#####.....#####)g#..#..########
# #####.######@#.#...##.....# #
#.........###...###...# #
###.......#≈≈...≈≈#...# #
#.......#≈..♣..≈#...# #
##..................#
#........♣._.♣..(..#
#...............####
#.....>#≈..♣..≈## ####
##...###≈≈...≈≈#


You could see a gnoll.

Vanquished Creatures
  A worker ant (D:2)
  2 gnolls
  A worm (D:2)
  4 dart slugs
  2 leopard geckos
  3 bats
  3 goblins
  4 hobgoblins
  3 frilled lizards
  2 kobolds
  8 rats
33 creatures vanquished.

Notes
Turn   | Place    | Note
-------+----------+-------------------------------------------
     0 | D:1      | Faustar the Hill Orc Monk began the quest for the Orb.
     0 | D:1      | Reached XP level 1. HP: 19/19 MP: 1/1
   441 | D:1      | Reached XP level 2. HP: 21/27 MP: 2/2
  1339 | D:2      | Found a white marble altar of Elyvilon.
  1341 | D:2      | Reached XP level 3. HP: 26/34 MP: 3/3
  1602 | D:2      | Reached skill level 5 in Axes
  1901 | D:2      | Reached XP level 4. HP: 40/41 MP: 4/4
  2110 | D:3      | Reached skill level 5 in Fighting
  2313 | D:2      | Slain by a gnoll

Vault maps used:
D:1:      evilmike_arrival_hilbert_curve
D:2:      elyvilon_altar_4
D:3:      serial_bayou_lagoon_a, fedhas_altar_fruit_tree

Skill      XL: |  1  2  3  4 |
---------------+-------------+-----
Fighting       | 4 5 |  5.0
Axes           | 5 |  5.5
Dodging        | |  2.4
Stealth        | |  1.5

Action                   |  1- 3 |  4- 6 || total
-------------------------+-------+-------++-------
Melee: Hand axe          |    86 |    34 ||   120
  Use: Potion            |     2 |       ||     2
 Stab: Sleeping          |     2 |       ||     2
  Eat: Chunk             |     3 |     1 ||     4
Armor: Robe              |     4 |       ||     4
       Scale mail        |    20 |    12 ||    32
Dodge: Dodged            |    42 |    10 ||    52

Table legend:
 A = Spawn XP
 B = Non-spawn XP
 C = Spawn XP percentage of total XP
 D = Spawn monster count
 E = Non-spawn monster count
 F = Spawn count percentage of total count
 G = Total turns spent on level
                    A         B        C        D         E        F      G
               +---------+---------+-------+---------+---------+-------+---------
         Total |       0 |     119 |   0.0 |       0 |      33 |   0.0 |  2313
               +---------+---------+-------+---------+---------+-------+---------
           D:1 |       0 |      31 |   0.0 |       0 |      15 |   0.0 |  1308
           D:2 |       0 |      70 |   0.0 |       0 |      15 |   0.0 |   965
           D:3 |       0 |      18 |   0.0 |       0 |       3 |   0.0 |    40
               +---------+---------+-------+---------+---------+-------+---------
